cohdb
Replays
Latest Replays
All Replays
Popular Replays
Top Player Replays
Match Explorer
How It Works
Community
CoH3 Stats
Reddit
Sign in to upload your games and track your stats! →
Sign in with Steam
Match 41958842
Unlisted
Match 41958842
Overview
Messages
Build Orders
End
Panzergrenadier Squad
Selects Armored Support Battlegroup
250 Light Carrier
Panzergrenadier Squad
Construct Light Support Kompanie
MG34 Team
Fire Support Elements
Selects Salvage Kits
Selects Superior Fire Drills
Panzergrenadier Squad
Panzergrenadier Squad
Pak 38 Mechanized Group
Construct Panzerarmee Kommand
2.5-tonne Medical Truck
Selects Flammpanzer III Medium Tank
Walking Stuka Rocket Launcher
Pak 38 Mechanized Group
Nuclear Viking
110
HolyMolyEmpire
sh94
CZWXD
Lonewolf42
0
0
Comments
sign in to comment!
No comments posted yet!